 Dungeon Crawl Stone Soup version 0.28.0-53-g5a82cb258f (webtiles) character file.

Game seed: 18356622196380633040

5961 H0rd4k the Basher (level 11, -6/83 HPs)
             Began as a Human Artificer on July 6, 2022.
             Was an Initiate of Gozag.
             Mangled by an orc warrior
             ... wielding a +0 war axe
              (12 damage)
             ... on level 8 of the Dungeon.
             The game lasted 00:22:20 (15735 turns).

H0rd4k the Basher (Human Artificer)                Turns: 15735, Time: 00:22:21

Health: -6/83      AC:  6    Str: 14    XL:     11   Next: 9%
Magic:  16/16      EV: 13    Int: 15    God:    Gozag
Gold:   1933       SH:  5    Dex: 13    Spells: 9/17 levels left

rFire   + + .      SeeInvis +   n - +4 whip of Patience {flame, rF+ rC+}
rCold   + + .      Faith    .   (no shield)
rNeg    . . .      Spirit   .   b - +0 leather armour
rPois   .          Reflect  +   A - +2 helmet "Jyji" {Harm rF+ rC+}
rElec   .          Harm     +   (no cloak)
rCorr   .          Rampage  .   (no gloves)
Will    .....                   (no boots)
Stlth   ++........              q - amulet of reflection
HPRegen 0.23/turn               l - ring of see invisible
MPRegen 0.15/turn               (no ring)

@: no status effects
A: no striking features
a: Renounce Religion, Potion Petition, Call Merchant, Bribe Branch


You were on level 8 of the Dungeon.
You worshipped Gozag.
Gozag was most pleased with you.
You visited 2 branches of the dungeon, and saw 10 of its levels.
You also visited: Sewer.

You collected 3056 gold pieces.
You spent 642 gold pieces at shops.
You paid 481 gold pieces to Gozag.

Inventory:

Hand Weapons
 j - a +0 mace
 n - the +4 whip of Patience (weapon) {flame, rF+ rC+}
   (You found it on level 3 of the Dungeon)

   It burns those it strikes, dealing additional fire damage.
   rF:        It protects you from fire.
   rC:        It protects you from cold.
 N - a +5 long sword of freezing
 P - a +4 scimitar of freezing
Missiles
 t - 8 poisoned darts (quivered)
 O - a throwing net
Armour
 b - a +0 leather armour (worn)
 v - a +0 helmet
 A - the +2 helmet "Jyji" (worn) {Harm rF+ rC+}
   (You acquired it on level 8 of the Dungeon)

   rF:        It protects you from fire.
   rC:        It protects you from cold.
   Harm:      It increases damage dealt and taken.
 H - the +0 robe of Shielding {rF+ Str+7 Int+4}
   (You bought it in a shop on level 8 of the Dungeon)

   Str:       It affects your strength (+7).
   Int:       It affects your intelligence (+4).
   rF:        It protects you from fire.
Jewellery
 a - an amulet of magic regeneration
 l - a ring of see invisible (left hand)
 q - an amulet of reflection (around neck)
 s - a ring of protection from cold
 C - a ring of poison resistance
Wands
 i - a wand of digging (6)
 o - a wand of polymorph (13)
 y - a wand of mindburst (7)
 E - a wand of flame (20)
 R - a wand of paralysis (4)
Scrolls
 c - a scroll of holy word {unknown}
 d - a scroll of silence {unknown}
 f - 3 scrolls of teleportation
 w - a scroll of immolation {unknown}
 x - a scroll of noise {unknown}
 B - 2 scrolls of amnesia
 D - a scroll of fog {unknown}
 G - 2 scrolls of torment
 I - 2 scrolls of enchant weapon
 L - a scroll of vulnerability {unknown}
 M - a scroll of magic mapping {unknown}
Potions
 g - 7 potions of might
 h - a potion of berserk rage {unknown}
 k - 2 potions of flight
 m - 3 potions of mutation
 p - a potion of brilliance
 r - 2 potions of degeneration
 u - 3 potions of heal wounds
 z - a potion of cancellation {unknown}
 F - 4 potions of curing
 J - a potion of magic
 K - a potion of attraction {unknown}
 S - a potion of resistance {unknown}
Miscellaneous
 e - a piece from Xom's chessboard (15/15)


   Skills:
 + Level 6.9 Fighting
 + Level 0.2 Long Blades
 - Level 9.0 Maces & Flails
 + Level 0.3 Bows
 + Level 0.3 Throwing
 - Level 2.0 Armour
 - Level 5.9 Dodging
 + Level 1.7 Stealth
 - Level 4.4 Shields
 * Level 3.6 Spellcasting
 + Level 0.9 Conjurations
 * Level 4.0 Hexes
 + Level 0.2 Necromancy
 + Level 0.1 Transmutations
 * Level 1.0 Fire Magic
 + Level 0.1 Ice Magic
 + Level 0.1 Air Magic
 + Level 0.1 Earth Magic
 + Level 0.1 Poison Magic
 + Level 0.2 Invocations
 - Level 5.5 Evocations


You had 9 spell levels left.
You knew the following spells:

 Your Spells              Type           Power      Damage    Failure   Level
a - Ensorcelled Hibernat  Hex/Ice        18%        N/A       14%         2
b - Inner Flame           Hex/Fire       10%        N/A       24%         3
c - Conjure Flame         Conj/Fire      5%         6-21      41%         3

Your spell library contained the following spells:

 Spells                   Type           Power      Damage    Failure   Level
 Foxfire                  Conj/Fire      20%        2x1d5     16%         1
 Spider Form              Tmut/Pois      3%         N/A       54%         3
 Anguish                  Hex/Necr       4%         N/A       67%         4
 Flame Wave               Conj/Fire      5%         2d5       83%         4


Dungeon Overview and Level Annotations

Branches:
Dungeon (9/15)             Temple (1/1) D:4            Lair (0/6) D:8
  Sewer (visited)
    Orc: D:9-12

Altars:
Ashenzari
Cheibriados
Dithmenos
Elyvilon
Fedhas
Gozag
Hepliaklqana
Kikubaaqudgha
Makhleb
Nemelex Xobeh
Okawaru
Qazlal
Ru
Sif Muna
Trog
Uskayaw
Vehumet
Wu Jian
Xom
Yredelemnul
Zin
The Shining One

Shops:
D:5 *   D:6 [   D:8 [   D:9 :

Annotations:
D:6 exclusion: 2 downstairs
D:7 3 runed translucent doors, exclusions: 3 doors, 2 downstairs and orc warrior, Tali's ghost, novice DsBe
D:9 exclusion: upstairs


Message History

The orc warrior is heavily wounded.
The orc warrior hits you with a +0 war axe.
You hit the orc warrior. You burn the orc warrior.
The orc warrior is heavily wounded.
You hit the orc warrior. You burn the orc warrior.
The orc warrior is almost dead.
The orc warrior misses you.
You hit the orc warrior. You burn the orc warrior.
The orc warrior is almost dead.
You hit the orc warrior but do no damage.
The orc warrior is almost dead.
The orc warrior hits you with a +0 war axe!!
You hit the orc warrior but do no damage.
The orc warrior is almost dead.
The orc warrior closely misses you.
You barely miss the orc warrior.
The orc warrior is almost dead.
You closely miss the orc warrior.
The orc warrior is almost dead.
The orc warrior hits you with a +0 war axe!!
* * * LOW HITPOINT WARNING * * *
You completely miss the orc warrior.
The orc warrior is almost dead.
The orc warrior misses you.
You barely miss the orc warrior.
The orc warrior is almost dead.
Aiming: Throw Flame
Press: ? - help, Shift-Dir - straight line, f - orc warrior
Aim: an orc warrior, wielding a +0 war axe and wearing a +0 plate armour (almost dead, 74% to hit)
The puff of flame misses the orc warrior.
The orc warrior closely misses you.
Unknown command.
Aiming: Throw Flame
Press: ? - help, Shift-Dir - straight line, f/p - orc warrior
Aim: an orc warrior, wielding a +0 war axe and wearing a +0 plate armour (almost dead, 74% to hit)
The puff of flame hits the orc warrior but does no damage.
The orc warrior is almost dead.
The orc warrior hits you with a +0 war axe!
You die...
Your body crumbles into a pile of gold.

##############
#............#
#............#####
#####............#....
###.....................
#.......##......#.......
#.......$'......#.......
##......@##......#.......
#.......o###.........####
#....................####
#........................
#.......................#
##.....................#.#
#.............####.....#..
#.............#>.#........
#.............#..#P.P..'..


You could see an orc warrior.

Vanquished Creatures
  Harold (D:7)
  A two-headed ogre (D:8)
  A kobold demonologist (D:8)
  Sigmund (D:4)
  A wyvern (D:7)
  Eustachio (D:6)
  4 yaks (D:8)
  A steam dragon (D:7)
  Menkaure (D:6)
  A water moccasin (D:8)
  An orc warrior (D:9)
  5 black bears
  4 centaurs
  An ogre (D:6)
  2 phantoms
  Blork the orc (D:4)
  A gnoll sergeant (D:8)
  2 scorpions
  3 bullfrogs
  9 wights
  2 howler monkeys (D:7)
  2 centaur zombies
  A gnoll shaman (D:8)
  2 hounds
  3 orc priests
  Jessica (D:2)
  A centaur skeleton (D:7)
  3 iguanas (D:6)
  3 orc wizards
  Natasha (thrice) (D:2)
  A killer bee zombie (D:7)
  A hound skeleton (D:5)
  A howler monkey zombie (D:9)
  Robin (D:3)
  11 adders
  14 gnolls
  10 river rats
  2 shadow imps
  An ufetubus (D:5)
  3 worms
  4 dart slugs
  12 orcs
  6 endoplasms
  2 giant cockroaches (D:6)
  10 goblins
  11 hobgoblins
  6 kobolds
  3 quokkas (D:1)
  11 ball pythons
  2 bats
  4 frilled lizards
  32 rats
211 creatures vanquished.

Vanquished Creatures (collateral kills)
  2 bullfrogs (D:7)
  A gnoll (D:4)
  A white imp (D:7)
  A hobgoblin (D:2)
  3 ball pythons
8 creatures vanquished.

Vanquished Creatures (others)
  2 bullfrogs
  A hound (D:6)
  21 fungi (D:8)
  16 plants (D:8)
40 creatures vanquished.

Grand Total: 259 creatures vanquished

Notes
Turn   | Place    | Note
-------+----------+-------------------------------------------
     0 | D:1      | H0rd4k the Human Artificer began the quest for the Orb.
     0 | D:1      | Reached XP level 1. HP: 15/15 MP: 1/1
   237 | D:1      | Reached XP level 2. HP: 14/21 MP: 2/2
  1038 | D:1      | HP: 1/21 [quokka (1)]
  1486 | D:1      | Reached XP level 3. HP: 21/26 MP: 3/3
  2205 | D:2      | Noticed Jessica
  2491 | D:2      | Killed Jessica
  2492 | D:2      | Reached skill level 1 in Maces & Flails
  2492 | D:2      | Reached XP level 4. HP: 27/32 MP: 4/4
  2936 | D:2      | Noticed Natasha
  2941 | D:2      | Killed Natasha
  3020 | D:2      | Noticed Natasha
  3025 | D:2      | Killed Natasha
  3026 | D:2      | Reached XP level 5. HP: 27/38 MP: 5/5
  3177 | D:2      | Noticed Natasha
  3183 | D:2      | Killed Natasha
  3184 | D:2      | Reached skill level 2 in Maces & Flails
  3560 | D:3      | Identified the +4 whip of Patience {flame, rF+ rC+}
  4217 | D:3      | Found a faded altar of an unknown god.
  4540 | D:3      | Noticed Robin
  4559 | D:3      | Killed Robin
  4910 | D:4      | Noticed Sigmund
  4916 | D:4      | Killed Sigmund
  4917 | D:4      | Reached skill level 3 in Maces & Flails
  4917 | D:4      | Reached XP level 6. HP: 46/46 MP: 6/6
  4945 | D:4      | Found a staircase to the Ecumenical Temple.
  4963 | D:4      | Reached XP level 7. HP: 46/51 MP: 7/7
  4963 | D:4      | Noticed Blork the orc
  4985 | D:4      | Reached skill level 4 in Maces & Flails
  4996 | Temple   | Entered the Ecumenical Temple
  5232 | Temple   | Became a worshipper of Gozag Ym Sagoz the Greedy
  5272 | D:4      | Killed Blork the orc
  5444 | D:4      | Reached skill level 1 in Shields
  5920 | D:4      | Reached skill level 5 in Maces & Flails
  5920 | D:4      | Reached XP level 8. HP: 30/58 MP: 8/8
  6066 | D:5      | Entered Level 5 of the Dungeon
  6070 | D:5      | Found Qaosotzu's General Store.
  7425 | D:6      | Found Wauthroth's Antique Armour Boutique.
  7517 | D:6      | Found a glowing drain.
  7537 | Sewer    | Entered a sewer
  7688 | Sewer    | Reached skill level 6 in Maces & Flails
  8404 | D:6      | Reached XP level 9. HP: 54/65 MP: 9/9
  8552 | D:6      | Noticed Menkaure
  8559 | D:6      | Killed Menkaure
  8819 | D:6      | Noticed Eustachio
  8862 | D:6      | Killed Eustachio
  8863 | D:6      | Reached skill level 7 in Maces & Flails
  8863 | D:6      | Reached skill level 5 in Evocations
  9250 | D:7      | Found a runed translucent gate.
  9263 | D:7      | Found a runed translucent gate.
  9356 | D:7      | Noticed Tali's ghost (novice DsBe)
  9446 | D:7      | Reached skill level 5 in Fighting
  9789 | D:7      | Reached skill level 5 in Dodging
  9943 | D:7      | Found a runed translucent gate.
 10011 | D:7      | Noticed Harold
 10025 | D:7      | Killed Harold
 10026 | D:7      | Reached skill level 8 in Maces & Flails
 10105 | D:7      | Reached XP level 10. HP: 39/75 MP: 10/10
 11600 | D:7      | Learned a level 2 spell: Ensorcelled Hibernation
 11604 | D:7      | Learned a level 3 spell: Inner Flame
 11685 | D:8      | Noticed a two-headed ogre
 11701 | D:8      | Killed a two-headed ogre
 12592 | D:8      | HP: 3/63 [wight/+0 flail (5)]
 13673 | D:8      | Found a broken altar of Ashenzari.
 14710 | D:9      | Found Dyxtet's Book Shoppe.
 14716 | D:9      | Noticed a kobold demonologist
 14719 | D:9      | Noticed an orange demon
 14736 | D:9      | Noticed an orange demon
 14935 | D:8      | Reached skill level 9 in Maces & Flails
 14947 | D:8      | Reached XP level 11. HP: 57/83 MP: 15/15
 15367 | D:8      | Found a staircase to the Lair.
 15469 | D:8      | Identified 3 scrolls of acquirement
 15469 | D:8      | Acquired the +2 helmet "Jyji" {Harm rF+ rC+}
 15485 | D:8      | Acquired 766 gold pieces
 15489 | D:8      | Acquired 759 gold pieces
 15563 | D:8      | Bought the +0 robe of Shielding {rF+ Str+7 Int+4} for 642
                  | gold pieces
 15570 | D:8      | Learned a level 3 spell: Conjure Flame
 15614 | D:8      | Reached skill level 1 in Fire Magic
 15735 | D:8      | Mangled by an orc warrior

Illustrated notes

Levels and vault maps discovered:
D:1:      evilmike_arrival_plus, layout_basic
D:2:      layout_loops_ring, uniq_jessica, uniq_natasha
D:3:      layout_basic, basic_ecumenical_altar, uniq_robin
D:4:      layout_basic, minmay_temple_entry_junction, uniq_sigmund,
          uniq_blork_the_orc
D:5:      layout_basic, minmay_shop_grid_forest
D:6:      layout_basic, portal_sewer_entry_a, serial_shops,
          nicolae_shop_statue_plus, enter_ossuary_5, serial_corexii_hall,
          chequers_hall_statues_corner_a, chequers_hall_statues_y,
          chequers_hall_statues_corner_a, corexii_hall_statues_i, dk_vineyard_2,
          uniq_eustachio, uniq_menkaure
D:7:      kennysheep_spiral_hall, layout_loops_ring,
          gammafunk_ghost_nasty_kobolds, minmay_between, uniq_harold
D:8:      layout_basic, cheibrodos_ashenzari_chains,
          grunt_lair_entry_orc_guard_hut, kennysheep_doodads
D:9:      layout_cave_pools, serial_shops, shop, kennysheep_generic_room_9
Temple:   mainiacjoe_temple_hex_bubbles

Skill      XL: |  1  2  3  4  5  6  7  8  9 10 11 |
---------------+----------------------------------+-----
Maces & Flails | 1 3 5 6 8 9 |  9.0
Evocations     | 4 5 |  5.5
Fighting       | 2 3 4 5 6 |  6.9
Dodging        | 2 3 4 5 |  5.9
Shields        | 1 2 4 |  4.4
Spellcasting   | 3 |  3.6
Hexes          | 3 4 |  4.0
Fire Magic     | 1 |  1.0
Long Blades    | |  0.2
Bows           | |  0.3
Throwing       | |  0.3
Armour         | |  2.0
Stealth        | |  1.7
Conjurations   | |  0.9
Necromancy     | |  0.2
Transmutations | |  0.1
Ice Magic      | |  0.1
Air Magic      | |  0.1
Earth Magic    | |  0.1
Poison Magic   | |  0.1
Invocations    | |  0.2

Action                   |  1- 3 |  4- 6 |  7- 9 | 10-12 || total
-------------------------+-------+-------+-------+-------++-------
Melee: Club              |   119 |       |       |       ||   119
       Punch             |     2 |     1 |     3 |    10 ||    16
       Mace              |       |    33 |       |       ||    33
       Whip              |       |    61 |   380 |   343 ||   784
Throw: Dart              |       |       |     4 |       ||     4
Invok: Call Merchant     |       |       |       |     1 ||     1
Evoke: Wand              |     7 |    13 |    18 |    10 ||    48
  Use: Potion            |       |       |     1 |     1 ||     2
       Scroll            |       |       |       |    15 ||    15
 Stab: Sleeping          |     1 |     3 |     4 |       ||     8
       Distracted        |       |     1 |     1 |     1 ||     3
Armor: Leather armour    |    29 |    20 |    64 |    55 ||   168
Dodge: Dodged            |    84 |    47 |   183 |   188 ||   502
Block: Other             |       |    10 |    90 |    60 ||   160
